 Dungeon Crawl Stone Soup version 0.29.1-15-g9cfb28693d (webtiles) character file.

Game seed: 1072572924227681808

22 Heoruswealwe the Magician (level 2, 15/15 HPs)
             Began as a Deep Elf Earth Elementalist on Apr 9, 2023.
             Got out of the dungeon alive.
             The game lasted 00:06:42 (885 turns).

Heoruswealwe the Magician (DEEE)                     Turns: 885, Time: 00:06:43

Health: 15/15      AC:  3    Str: 11    XL:     2   Next: 68%
Magic:  8/8        EV: 12    Int: 19    God:
Gold:   43         SH:  0    Dex: 13    Spells: 5/8 levels left

rFire   . . .      SeeInvis .   (no weapon)
rCold   . . .      Faith    .   (no shield)
rNeg    . . .      Spirit   .   a - +1 robe
rPois   .          Reflect  .   (no helmet)
rElec   .          Harm     .   (no cloak)
rCorr   .          Rampage  .   (no gloves)
Will    .....                   (no boots)
Stlth   ++........              (no amulet)
HPRegen 0.05/turn               c - +6 ring of strength
MPRegen 0.11/turn               (no ring)

@: no status effects
A: clumsy 1
a: no special abilities


You escaped.
You visited 1 branch of the dungeon, and saw 1 of its levels.

You collected 43 gold pieces.

Inventory:

Armour
 a - a +1 robe (worn)
 d - a +0 robe
Jewellery
 c - a +6 ring of strength (left hand)
Scrolls
 e - a scroll of enchant armour
Potions
 b - a potion of magic
 i - a potion of curing


   Skills:
 - Level 2.4 Dodging
 - Level 2.4 Stealth
 + Level 3.9 Spellcasting
 - Level 1.1 Transmutations
 + Level 3.9 Earth Magic


You had 5 spell levels left.
You knew the following spells:

 Your Spells              Type           Power      Damage    Failure   Level
a - Sandblast             Erth           36%        2d10      2%          1
z - Passwall              Tmut/Erth      10%        N/A       8%          2

Your spell library contained the following spells:

 Spells                   Type           Power      Damage    Failure   Level
 Summon Small Mammal      Summ           12%        N/A       14%         1
 Stone Arrow              Conj/Erth      22%        3d8       19%         3
 Call Canine Familiar     Summ           3%         N/A       38%         3
 Summon Guardian Golem    Hex/Summ       3%         N/A       38%         3
 Petrify                  Tmut/Erth      13%        N/A       43%         4


Dungeon Overview and Level Annotations

Branches:
Dungeon (1/15)

Altars:
Xom

Shops:
D:1 =


Innate Abilities, Weirdness & Mutations

You are clumsy. (Dex -2)


Message History

Things that are here:
a jackal corpse; a jackal corpse
Press: ? - help, . - travel You can't see that place. [the floor.] Magic restored.
Things that are here:
a jackal corpse; a jackal corpse
Casting: Sandblast (safe; 2% risk of failure)
Confirm with . or Enter, or press ? or * to list all spells.
Aiming: Passwall (safe; 8% risk of failure)
Press: ? - help, Dir - move target A rock wall.
You begin to meditate on the wall.
You continue meditating on the rock. x3
You finish merging with the rock.
There is an entrance to Rifoahom's Jewellery Emporium here.
Casting: Passwall (safe; 8% risk of failure)
Confirm with . or Enter, or press ? or * to list all spells.
Aiming: Passwall (safe; 8% risk of failure)
Press: ? - help, Dir - move target A rock wall.
You begin to meditate on the wall.
You continue meditating on the rock. x3
You finish merging with the rock.
As you read the scroll labelled POUHOLAVAN, it crumbles to dust.
It is a scroll of enchant armour.
Your +0 robe glows green for a moment.
The air fills with toxic fumes!
As you read the scroll labelled AWKIAKKANOT, it crumbles to dust.
It was a scroll of poison.
As you read the scroll labelled BUIN NIABRE, it crumbles to dust.
You feel strangely unstable.
It was a scroll of teleportation.
As you read the scroll labelled JICLABO MUPLE, it crumbles to dust.
You feel momentarily disoriented.
It was a scroll of magic mapping.
It was a potion of curing.
You feel better.
You start waiting.
Your surroundings suddenly seem different.
There is an open door here.
There is a staircase leading out of the dungeon here.
Are you sure you want to leave the Dungeon?
This will make you lose the game!
You have escaped!

#......############..#
#.####......# #####..#
#.#########.###......##
#.#.......#.#.'......'.
#.'.>.>.>.'.#.#......##
#.#.......#.#.#########
#.#########.#.# #
#.#.......#.#.# #
#.'...@...'.#.# #
###.......#.#.#########
#########.#.........'
#.#.#########
#.#.#########
#.#..........
#.#..######## #.#..#
#.#..#


There were no monsters in sight!

Vanquished Creatures
  A dart slug (D:1)
  An endoplasm (D:1)
  3 giant cockroaches (D:1)
  3 goblins (D:1)
  3 jackals (D:1)
  2 kobolds (D:1)
  2 bats (D:1)
  2 frilled lizards (D:1)
  2 rats (D:1)
19 creatures vanquished.

Vanquished Creatures (others)
  11 plants (D:1)
11 creatures vanquished.

Grand Total: 30 creatures vanquished

Notes
Turn   | Place    | Note
-------+----------+-------------------------------------------
     0 | D:1      | Heoruswealwe the Deep Elf Earth Elementalist began the
                  | quest for the Orb.
     0 | D:1      | Reached XP level 1. HP: 10/10 MP: 6/6
   352 | D:1      | Reached XP level 2. HP: 15/15 MP: 5/8
   355 | D:1      | Learned a level 2 spell: Passwall
   492 | D:1      | Found a faded altar of an unknown god.
   516 | D:1      | Prayed at the altar of an unknown god.
   516 | D:1      | Became a worshipper of Xom the Begetter of Discontinuities
   517 | D:1      | Fell from the grace of Xom
   744 | D:1      | XOM: give mutation
   744 | D:1      | Gained mutation: You are clumsy. (Dex -2) [Xom's mischief]
   756 | D:1      | Found Rifoahom's Jewellery Emporium.
   885 | D:$      | Got out of the dungeon alive.

Illustrated notes

Levels and vault maps discovered:
D:1:      minmay_arrival_up_and_down, layout_basic,
          chequers_ecumenical_altar_lobes, serial_shops, shop_statue

Action                   || total
-------------------------++-------
Melee: Unarmed           ||    59
       Punch             ||     4
 Cast: Sandblast         ||    22
       Passwall          ||     2
Invok: Renounce Religion ||     1
  Use: Scroll            ||     4
       Potion            ||     1
